 Dungeon Crawl Stone Soup version 0.29-a0-923-g6e406bff71 (webtiles) character file.

Game seed: 282502166043212605

57 IdlyInterested the Trooper (level 3, -3/29 HPs)
             Began as a Demonspawn Wanderer on July 27, 2022.
             Slain by a worm (7 damage)
             ... on level 2 of the Dungeon.
             The game lasted 00:06:45 (2349 turns).

IdlyInterested the Trooper (Demonspawn Wanderer)    Turns: 2349, Time: 00:06:46

Health: -3/29      AC: 14    Str: 19    XL:     3   Next: 73%
Magic:  3/3        EV:  7    Int: 16    God:
Gold:   41         SH:  4    Dex: 15    Spells: 2/2 levels left

rFire   . . .      SeeInvis .     - Unarmed
rCold   . . .      Faith    .   d - +0 buckler
rNeg    . . .      Spirit   .   i - +0 chain mail
rPois   .          Reflect  .   (no helmet)
rElec   .          Harm     .   (no cloak)
rCorr   .          Rampage  .   (no gloves)
Will    ++...                   (no boots)
Stlth   ..........              (no amulet)
HPRegen 0.09/turn               h - ring of Rypyim Ekhlo {*Corrode Will++ Str+5 Int+6}
MPRegen 0.08/turn               (no ring)

@: sanguine armoured
A: sanguine armour 1, demonic touch 1
a: no special abilities


You were on level 2 of the Dungeon.
You visited 1 branch of the dungeon, and saw 2 of its levels.

You collected 41 gold pieces.

Inventory:

Hand Weapons
 c - a +0 spear
 g - a +1 dagger of venom
Missiles
 b - 4 curare-tipped darts (quivered)
Armour
 d - a +0 buckler (worn)
 f - a +0 leather armour
 i - a +0 chain mail (worn)
Magical Staves
 j - a staff of conjuration
Jewellery
 h - the ring of Rypyim Ekhlo (left hand) {*Corrode Will++ Str+5 Int+6}
   (You acquired it on level 2 of the Dungeon)

   [ring of intelligence]

   Str:       It affects your strength (+5).
   Int:       It affects your intelligence (+6).
   *Corrode:  It may corrode you when you take damage.
   Will:      It greatly increases your willpower.
Scrolls
 k - a scroll of torment {unknown}
Potions
 a - a potion of flight
 e - a potion of lignification


   Skills:
 + Level 3.5 Fighting
 - Level 0.2 Short Blades
 - Level 2.0 Polearms
 - Level 2.0 Throwing
 + Level 0.4 Armour
 - Level 1.0 Dodging
 - Level 1.0 Stealth
 - Level 1.0 Shields
 * Level 1.7 Unarmed Combat
 - Level 1.0 Evocations


You had 2 spell levels left.
You didn't know any spells.
Your spell library was empty.

Dungeon Overview and Level Annotations

Branches:
Dungeon (2/15)

Altars:


Innate Abilities, Weirdness & Mutations

When seriously injured, your blood forms armour. (AC +6)
Your touch may inflict minor irresistible damage on your foes.


Message History

You hit the worm.
The worm is heavily wounded.
You block the worm's attack.
You hit the worm but do no damage.
The worm is moderately wounded.
The worm bites you!
Your blood congeals into armour.
You hit the worm.
The worm is heavily wounded.
You hit the worm but do no damage.
The worm is heavily wounded.
The worm bites you but does no damage.
You barely miss the worm.
The worm is heavily wounded.
You barely miss the worm.
The worm is heavily wounded.
The worm misses you.
You hit the worm.
The worm is heavily wounded.
The worm bites you.
You completely miss the worm.
The worm is heavily wounded.
You hit the worm but do no damage.
The worm is heavily wounded.
The worm bites you but does no damage.
You barely miss the worm.
The worm is heavily wounded.
You hit the worm but do no damage.
The worm is heavily wounded.
You are no longer corroded.
The worm bites you.
You hit the worm.
The worm is heavily wounded.
The worm bites you!
* * * LOW HITPOINT WARNING * * *
You hit the worm.
The worm is severely wounded.
You barely miss the worm.
The worm is severely wounded.
The worm bites you!
You die...

##+# #.# #. #.#
#. #.# ##.# #.#
####...## #.# #.
.......# #.# ##
.....#
#.#.#.#####.#
#...w@......#
###.#.####### #
#.## ####.#..##
..........#####
#####.^.......##
#...........#
#...........##.##
#....#.#........#


You could see a worm.

Vanquished Creatures
  A worm (D:2)
  2 dart slugs
  2 ball pythons (D:1)
  6 bats
  4 endoplasms
  4 giant cockroaches
  4 goblins (D:1)
  4 hobgoblins
  5 jackals (D:1)
  A quokka (D:1)
  4 frilled lizards
  3 kobolds (D:1)
  5 rats
45 creatures vanquished.

Notes
Turn   | Place    | Note
-------+----------+-------------------------------------------
     0 | D:1      | IdlyInterested the Demonspawn Wanderer began the quest for
                  | the Orb.
     0 | D:1      | IdlyInterested set off with the following items: a +2
                  | dagger, 4 curare-tipped darts, a +0 spear, a +0 buckler, a
                  | potion of lignification, a +0 leather armour.
     0 | D:1      | Reached XP level 1. HP: 18/18 MP: 1/1
   204 | D:1      | Gained mutation: Your touch may inflict minor irresistible
                  | damage on your foes. [demonic ancestry]
   204 | D:1      | Reached XP level 2. HP: 19/24 MP: 2/2
   407 | D:1      | HP: 1/24 [constriction (1)]
   753 | D:1      | Reached skill level 1 in Stealth
   756 | D:1      | Reached skill level 1 in Unarmed Combat
  1007 | D:1      | Gained mutation: When seriously injured, your blood forms
                  | armour. (AC +6) [demonic ancestry]
  1007 | D:1      | Reached XP level 3. HP: 29/29 MP: 3/3
  1089 | D:1      | Found a faded altar of an unknown god.
  1746 | D:2      | Identified a scroll of acquirement
  1746 | D:2      | Acquired the ring of Rypyim Ekhlo {*Corrode Will++ Str+5
                  | Int+6}
  2349 | D:2      | Slain by a worm

Illustrated notes

Levels and vault maps discovered:
D:1:      beargit_arrival_diablo_church, layout_loops_corners,
          hellmonk_ecumenical_altar_dog_temple
D:2:      layout_loops_corners, st_stairs_2

Skill      XL: |  1  2 |
---------------+-------+-----
Throwing       | 2 |  2.0
Polearms       | 2 |  2.0
Stealth        | 1 |  1.0
Unarmed Combat | 1 |  1.7
Fighting       | |  3.5
Short Blades   | |  0.2
Armour         | |  0.4
Dodging        | |  1.0
Shields        | |  1.0
Evocations     | |  1.0

Action                   || total
-------------------------++-------
Melee: Spear             ||    47
       Unarmed           ||   143
       Touch             ||     3
       Punch             ||     2
  Use: Scroll            ||     2
 Stab: Sleeping          ||     2
Armor: Leather armour    ||    43
       Chain mail        ||    22
Dodge: Dodged            ||    73
Block: Buckler           ||    29

Table legend: (Time is in decaauts)
 A = Elapsed time spent in this place.
 B = Non-inter-level travel time spent in this place.
 C = Inter-level travel time spent in this place.
 D = Time resting spent in this place.
 E = Time spent auto-exploring this place.
 F = Levels seen in this place.
 G = Mean time per level.
                   A        B        C        D        E       F      G
               +--------+--------+--------+--------+--------+-----+--------+
         Total |   2350 |   2248 |    102 |    653 |   1164 |   2 | 1175.0 |
       Dungeon |   2350 |   2248 |    102 |    653 |   1164 |   2 | 1175.0 |
               +--------+--------+--------+--------+--------+-----+--------+

Top non-repeatable levels by time:
     D:1: 1728 daAuts
     D:2: 622 daAuts
